 Dungeon Crawl Stone Soup version 0.23.2-40-g277498a001 (webtiles) character file.

Game seed: 11405360060904048338

349 Frank2 the Chopper (level 6, -1/50 HPs)
             Began as a Demigod Gladiator on Aug 30, 2019.
             Slain by a worker ant (4 damage)
             ... on level 4 of the Dungeon.
             The game lasted 00:04:53 (3013 turns).

Frank2 the Chopper (Demigod Gladiator)              Turns: 3013, Time: 00:04:54

Health: -1/50      AC:  5    Str: 17    XL:     6   Next: 11%
Magic:  8/8        EV: 14    Int: 12    God:
Gold:   230        SH:  0    Dex: 21    Spells: 5/5 levels left

rFire    . . .     SeeInvis .   a - +1 war axe
rCold    . . .     Gourm    .   (no shield)
rNeg     . . .     Faith    .   b - +0 leather armour
rPois    .         Spirit   .   c - +0 helmet
rElec    .         Reflect  .   (no cloak)
rCorr    .         Harm     .   (no gloves)
MR       .....                  k - +0 pair of boots
Stlth    ++........             l - amulet of the acrobat
HPRegen  0.16/turn              (no ring)
MPRegen  0.11/turn              (no ring)

@: lethally poisoned (-1 -> -19)
A: high mp 1
a: no special abilities


You were on level 4 of the Dungeon.
You were not hungry.

You visited 1 branch of the dungeon, and saw 4 of its levels.

You collected 230 gold pieces.

Inventory:

Hand Weapons
 a - a +1 war axe (weapon)
Missiles
 d - 3 throwing nets (quivered)
Armour
 b - a +0 leather armour (worn)
 c - a +0 helmet (worn)
 k - a +0 pair of boots (worn)
Jewellery
 l - an amulet of the acrobat (around neck)
Scrolls
 g - a scroll of amnesia
 j - 2 scrolls of remove curse
 m - a scroll of fear
 o - 4 scrolls of identify
 p - 2 scrolls of teleportation
Potions
 e - 2 potions of curing
 h - a potion of resistance
Comestibles
 f - 6 rations
 n - 6 chunks of flesh


   Skills:
 + Level 2.7 Fighting
 + Level 5.2 Axes
 - Level 1.8 Throwing
 + Level 1.8 Armour
 + Level 3.5 Dodging


You had 5 spell levels left.
You didn't know any spells.
Your spell library was empty.

Dungeon Overview and Level Annotations

Branches:
Dungeon (4/15)
 Temple: D:4-7


Innate Abilities, Weirdness & Mutations

You have an increased reservoir of magic. (+10% MP)


Message History

The leopard gecko hisses angrily.
The worker ant bites you!
You are more poisoned.
The worker ant poisons you!
You barely miss the worker ant.
You feel sick. The worker ant barely misses you.
The worker ant bites you but does no damage.
You closely miss the worker ant.
You feel sick. The worker ant bites you.
* * * LOW HITPOINT WARNING * * *
You barely miss the worker ant.
* * * LOW HITPOINT WARNING * * *
You feel sick. The worker ant closely misses you. The worker ant bites you.
* * * LOW HITPOINT WARNING * * *
You are more poisoned.
The worker ant poisons you!
You closely miss the worker ant.
* * * LOW HITPOINT WARNING * * *
You feel very sick. The worker ant bites you.
You die...

..####.##.# ....##.##.#
#.#. ....##.##.# #..
#......##.# ...
#.#.#.###.# #..
..........# #.#
#.#.#.##### #l# #....##
#a# #.#.## #@# #.#.#
#.# #.#.############.#
#.#..............##.#
#.####..............#
#.# #.......########
#.# #.........#
########## #.#
#.......#.# #.........
........#.####.########


You could see a worker ant and a leopard gecko.

Vanquished Creatures
  An ogre (D:3)
  An orc priest (D:4)
  An orc wizard (D:4)
  An iguana (D:4)
  Robin (D:4)
  3 gnolls (D:4)
  7 adders
  2 dart slugs
  4 leopard geckos
  2 orcs
  3 giant cockroaches
  12 goblins
  8 hobgoblins
  5 jackals
  5 bats
  8 frilled lizards
  6 kobolds
  8 rats
  A spectral orc (D:3)
79 creatures vanquished.

Notes
Turn   | Place    | Note
-------+----------+-------------------------------------------
     0 | D:1      | Frank2 the Demigod Gladiator began the quest for the Orb.
     0 | D:1      | Reached XP level 1. HP: 17/17 MP: 3/3
    44 | D:1      | Reached skill level 3 in Axes
   365 | D:1      | Reached XP level 2. HP: 16/24 MP: 4/4
  1041 | D:2      | Reached XP level 3. HP: 29/29 MP: 5/5
  1308 | D:2      | Found a hazy altar of Hepliaklqana.
  1308 | D:2      | Found a shadowy altar of Dithmenos.
  1520 | D:3      | Reached skill level 1 in Armour
  1618 | D:3      | Noticed an ogre
  1625 | D:3      | Killed an ogre
  1625 | D:3      | Reached skill level 4 in Axes
  1625 | D:3      | Reached XP level 4. HP: 28/37 MP: 6/6
  1777 | D:3      | Reached XP level 5. HP: 37/42 MP: 7/7
  1963 | D:3      | Found a faded altar of an unknown god.
  2256 | D:3      | Found a basalt altar of Yredelemnul.
  2844 | D:4      | Noticed Robin
  2854 | D:4      | Reached skill level 5 in Axes
  2859 | D:4      | Killed Robin
  2967 | D:4      | Reached XP level 6. HP: 30/50 MP: 8/8
  3013 | D:4      | Slain by a worker ant

Skill      XL: |  1  2  3  4  5 |
---------------+----------------+-----
Axes           | 3 4 5 |  5.2
Dodging        | 3 |  3.5
Fighting       | 2 |  2.7
Armour         | 1 |  1.8
Throwing       | |  1.8

Action                   |  1- 3 |  4- 6 || total
-------------------------+-------+-------++-------
Melee: War axe           |   139 |   117 ||   256
Throw: Throwing net      |     2 |     2 ||     4
  Use: Scroll            |     8 |     1 ||     9
       Potion            |     1 |     1 ||     2
 Stab: Sleeping          |     1 |       ||     1
       Held in net/web   |     1 |     2 ||     3
  Eat: Chunk             |     2 |     5 ||     7
Armor: Leather armour    |    39 |    25 ||    64
Dodge: Dodged            |   134 |    94 ||   228
